 Dungeon Crawl Stone Soup version 0.27.1-33-g824d729ab1 (webtiles) character file.

Game seed: 2887792568457723017

786 raph the Frost Mage (level 7, -3/46 HPs)
             Began as a Merfolk Ice Elementalist on Dec 21, 2021.
             Was a Believer of Zin.
             Slain by Pikel (7 damage)
             ... on level 6 of the Dungeon.
             The game lasted 00:11:30 (6416 turns).

raph the Frost Mage (Merfolk Ice Elementalist)      Turns: 6416, Time: 00:11:30

Health: -3/46      AC: 14    Str:  8    XL:     7   Next: 86%
Magic:  2/11       EV: 12    Int: 17    God:    Zin [**....]
Gold:   216        SH:  7    Dex: 14    Spells: 1/12 levels left

rFire    . . .     SeeInvis .   p - +2 trident (flame)
rCold    . . .     Faith    .   m - +2 buckler {AC+3}
rNeg     . . .     Spirit   .   c - +0 robe
rPois    +         Reflect  .   h - +1 helmet
rElec    .         Harm     .   (no cloak)
rCorr    .         Rampage  .   (no gloves)
Will     .....                  (no boots)
Stlth    ++........             j - amulet of regeneration
HPRegen  1.15/turn              l - ring of wizardry
MPRegen  0.12/turn              n - ring of poison resistance

@: ice-armoured, on recite cooldown, freezing walls
A: (nimble swimmer 2), mertail
a: Renounce Religion, Recite, Vitalisation, Donate Gold


You were on level 6 of the Dungeon.
You worshipped Zin.
Zin was pleased with you.
You visited 2 branches of the dungeon, and saw 7 of its levels.

You collected 270 gold pieces.
You spent 30 gold pieces at shops.
You donated 24 gold pieces to Zin.

Inventory:

Hand Weapons
 a - a +1 spear
 p - a +2 trident of flaming (weapon)
Missiles
 i - 7 javelins
Armour
 c - a +0 robe (worn)
 h - a +1 helmet (worn)
 m - a +2 buckler of protection (worn)
Jewellery
 j - an amulet of regeneration (around neck)
 l - a ring of wizardry (left hand)
 n - a ring of poison resistance (right hand)
Wands
 o - a wand of flame (18)
Potions
 b - a potion of haste
 d - 4 potions of curing
 e - a potion of attraction
 f - 2 potions of flight {unknown}
 g - 2 potions of lignification
 k - 2 potions of brilliance


   Skills:
 - Level 2.6 Dodging
 - Level 2.1 Stealth
 - Level 4.0 Shields
 + Level 3.1 Spellcasting
 + Level 0.5 Conjurations
 * Level 8.4 Ice Magic
 * Level 1.3 Invocations


You had one spell level left.
You knew the following spells:

 Your Spells              Type           Power      Damage    Failure   Level
a - Freeze                Ice            100%       1d11      1%          1
b - Frozen Ramparts       Ice            62%        1d8       1%          3
c - Ozocubu's Armour      Ice            31%        N/A       1%          3
d - Hailstorm             Conj/Ice       17%        3d6       11%         4

Your spell library contained the following spells:

 Spells                   Type           Power      Damage    Failure   Level
 Corona                   Hex            2%         N/A       7%          1
 Ensorcelled Hibernation  Hex/Ice        34%        N/A       1%          2
 Tukima's Dance           Hex            2%         N/A       21%         3


Dungeon Overview and Level Annotations

Branches:
Dungeon (6/15)             Temple (1/1) D:4

Altars:
Ashenzari
Cheibriados
Dithmenos
Elyvilon
Fedhas
Gozag
Hepliaklqana
Kikubaaqudgha
Makhleb
Nemelex Xobeh
Okawaru
Qazlal
Ru
Sif Muna
Trog
Uskayaw
Vehumet
Wu Jian
Xom
Yredelemnul
Zin

Shops:
D:2 !   D:5 *

Annotations:
D:3 Grinder
D:6 2 transporters, Pikel; madmanarnold's ghost, novice FoFi


Innate Abilities, Weirdness & Mutations

((You are quick and stealthy near water. (Stealth+, EV+, Speed+++)))
Your lower body shifts to a powerful aquatic tail in water.


Message History

The bolt of acid misses you.
Casting: Frozen Ramparts (safe; 1% risk of failure)
Confirm with . or Enter, or press ? or * to list all spells.
Aiming: Freeze (safe; 1% risk of failure)
Press: ? - help, Shift-Dir - straight line, f - Pikel
Aim: Pikel, wielding a +1 whip of flaming, wearing a +0 robe and carrying a wand of acid (6)
You freeze Pikel!
Pikel is moderately wounded.
Pikel zaps a wand.
The bolt of acid hits you!
You are splashed with acid!
Casting: Freeze (safe; 1% risk of failure)
Confirm with . or Enter, or press ? or * to list all spells.
A film of ice covers your body! You block Pikel's attack.
Casting: Ozocubu's Armour (safe; 1% risk of failure)
Confirm with . or Enter, or press ? or * to list all spells.
Casting: Frozen Ramparts (safe; 1% risk of failure)
Press: ? - help, Dir - look around, f - activate The walls around you are covered in ice.
The wall freezes the lemure! x2; The wall freezes the lemure.
The wall freezes Pikel.
Pikel hits you with a +1 whip of flaming.
Pikel burns you.
The wall freezes the lemure!
The heat melts your icy armour.
Aiming: Freeze (safe; 1% risk of failure)
Press: ? - help, Q - select action, (/) - cycle Shift-Dir - straight line, f - Pikel
Aim: Pikel, wielding a +1 whip of flaming, wearing a +0 robe and carrying a wand of acid (5) (moderately wounded)
You freeze Pikel!
Pikel is severely wounded.
The wall freezes the lemure. x2; The wall freezes the lemure! x2
The wall freezes Pikel.
Pikel zaps a wand.
The bolt of acid hits you!
You are splashed with acid!
* * * LOW HITPOINT WARNING * * *
Okay, then.
Aiming: Freeze (safe; 1% risk of failure)
Press: ? - help, Q - select action, (/) - cycle Shift-Dir - straight line, f/p - Pikel
Aim: Pikel, wielding a +1 whip of flaming, wearing a +0 robe and carrying a wand of acid (4) (almost dead)
You freeze Pikel.
Pikel is almost dead.
The wall freezes the lemure. x3; The wall freezes Pikel.
Pikel hits you with a +1 whip of flaming!
You die...

5. #.# #.# .........#
#.# .........# #.#
........# #.# ##....5.
#.# .!..5... #.# ..([.#
#.# ######.5##### #.#
#....?555K@.##########.#
.......5###...........<#
..#####.# ##############
#.# #.# #.# #.# ..#


You could see Pikel, 4 lemures and a white imp.

Vanquished Creatures
  A steam dragon (D:6)
  A water moccasin (D:5)
  A centaur (D:5)
  2 scorpions
  A howler monkey (D:5)
  A bullfrog zombie (D:5)
  A hound (D:4)
  A centaur skeleton (D:4)
  2 iguanas (D:5)
  A hound skeleton (D:4)
  A howler monkey skeleton (D:5)
  7 adders
  A river rat (D:5)
  A white imp (D:5)
  4 worms
  2 dart slugs
  3 orcs (D:5)
  A bat (D:1)
  4 endoplasms
  6 giant cockroaches
  2 goblins
  6 hobgoblins
  5 quokkas
  7 ball pythons
  5 frilled lizards
  4 kobolds
  11 rats
82 creatures vanquished.

Vanquished Creatures (others)
  A plant (D:4)
1 creature vanquished.

Grand Total: 83 creatures vanquished

Notes
Turn   | Place    | Note
-------+----------+-------------------------------------------
     0 | D:1      | raph the Merfolk Ice Elementalist began the quest for the
                  | Orb.
     0 | D:1      | Reached XP level 1. HP: 13/13 MP: 3/3
   440 | D:1      | Reached XP level 2. HP: 12/19 MP: 0/5
   693 | D:1      | Reached skill level 5 in Ice Magic
  1241 | D:1      | Reached XP level 3. HP: 24/24 MP: 3/6
  1805 | D:2      | Learned a level 3 spell: Frozen Ramparts
  2404 | D:2      | Found Jidd's Distillery.
  2412 | D:2      | Bought a potion of curing for 30 gold pieces
  2484 | D:2      | Reached skill level 6 in Ice Magic
  2724 | D:2      | Reached XP level 4. HP: 30/30 MP: 3/7
  2803 | D:2      | Learned a level 3 spell: Ozocubu's Armour
  3422 | D:3      | Noticed Grinder
  3469 | D:4      | Reached XP level 5. HP: 35/35 MP: 0/8
  3732 | D:4      | Reached skill level 7 in Ice Magic
  3977 | D:4      | Found a staircase to the Ecumenical Temple.
  3989 | D:4      | Reached skill level 1 in Shields
  4093 | Temple   | Entered the Ecumenical Temple
  4415 | Temple   | Became a worshipper of Zin the Law-Giver
  4415 | Temple   | Reached * piety under Zin
  4447 | D:4      | You fall into a shaft and drop 2 floors!
  4492 | D:6      | Noticed a steam dragon
  4586 | D:6      | Killed a steam dragon
  4587 | D:6      | Reached XP level 6. HP: 8/41 MP: 1/9
  4685 | D:6      | Found a transporter.
  4689 | D:6      | Found a transporter.
  4689 | D:6      | Noticed madmanarnold's ghost (novice FoFi)
  4691 | D:6      | Noticed a gargoyle
  4728 | D:5      | Entered Level 5 of the Dungeon
  4930 | D:5      | Found Hegumav's Serpentskin Sales.
  4930 | D:5      | Noticed a water moccasin
  4934 | D:5      | Killed a water moccasin
  4935 | D:5      | Reached XP level 7. HP: 35/46 MP: 5/10
  5023 | D:5      | Reached skill level 8 in Ice Magic
  5321 | D:5      | Found a glowing drain.
  5475 | D:5      | Learned a level 4 spell: Hailstorm
  5581 | D:5      | Reached skill level 1 in Invocations
  5622 | D:5      | Reached ** piety under Zin
  6401 | D:6      | Noticed Pikel
  6416 | D:6      | Slain by Pikel

Illustrated notes

Levels and vault maps discovered:
D:1:      ebering_trefoil_3fold, layout_loops_ring
D:2:      layout_loops_corners, serial_shops, shop, minmay_misc_feat_nine_boxes
D:3:      layout_loops_corners, uniq_grinder, uniq_crazy_yiuf_cottage
D:4:      minmay_opposing_rooms, layout_rooms, temple_fountains,
          serial_bayou_crossing
D:5:      layout_basic, portal_sewer_entry_c, guppyfry_shop_venom
D:6:      layout_loops_ring, gammafunk_ghost_arena, st_stairs_5, uniq_sigmund,
          uniq_pikel
Temple:   compressed_dpeg_triangle_lava_temple

Skill      XL: |  1  2  3  4  5  6  7 |
---------------+----------------------+-----
Ice Magic      | 5 6 7 8 |  8.4
Shields        | 3 4 |  4.0
Spellcasting   | 3 |  3.1
Invocations    | 1 |  1.3
Dodging        | |  2.6
Stealth        | |  2.1
Conjurations   | |  0.5

Action                   |  1- 3 |  4- 6 |  7- 9 || total
-------------------------+-------+-------+-------++-------
Melee: Whip              |     6 |       |       ||     6
       Unarmed           |     2 |       |       ||     2
       Spear             |    14 |    75 |    41 ||   130
       Trident           |       |       |     4 ||     4
 Cast: Freeze            |    49 |    14 |     7 ||    70
       Frozen Ramparts   |     5 |    12 |    11 ||    28
       Ozocubu's Armour  |       |     3 |     4 ||     7
Invok: Recite            |       |       |     2 ||     2
  Use: Scroll            |     4 |     7 |     4 ||    15
 Stab: Sleeping          |     1 |       |       ||     1
Armor: Robe              |     6 |    26 |    12 ||    44
Dodge: Dodged            |    33 |    47 |    16 ||    96
Block: Buckler           |       |    25 |    14 ||    39
